 Dungeon Crawl Stone Soup version 0.19.5 (webtiles) character file.

139864 McKennaii the Eclecticist (level 16, -28/101 HPs)
             Began as a High Elf Air Elementalist on Apr 24, 2017.
             Was a High Priest of Sif Muna.
             Blown up by EvilAshe's ghost (58 damage)
             ... with an orb of destruction
             ... on level 3 of the Snake Pit.
             The game lasted 02:58:16 (42084 turns).

McKennaii the Eclecticist (HEAE)                   Turns: 42084, Time: 02:58:16

Health: -28/101    AC: 19    Str: 24    XL:     16   Next: 74%
Magic:  37/37      EV: 14    Int: 37    God:    Sif Muna [*****.]
Gold:   1834       SH: 10    Dex: 16    Spells: 11 memorised, 13 levels left

rFire  . . .     SeeInvis .     U - +6 scimitar "Tamask" {flame, MR+}
rCold  + . .     Gourm    +     w - +1 ring mail "Putudgha" {MR++ Int+6 Dex-2}
rNeg   . . .     Faith    .     j - +2 shield
rPois  +         Spirit   .     P - +2 hat
rElec  +         Reflect  .     W - +0 cloak {rC+}
rCorr  +         Harm     .     e - +4 pair of gloves "Malaz" {rElec rCorr Str+4}
MR     ++++.     Clarity  +     g - +2 pair of boots {Fly}
Stlth  +++.......               f - amulet "Kediqoq" {Gourm rPois MR- Str+4 Int+6}
                                F - ring of wizardry
                                X - ring "Xiaskik" {Str+2 Stlth+}

@: mighty, very slightly contaminated, hasted, repel missiles, very quick
A: horns 1, blink, blurry vision 1, clarity, magic resistance 1, electricity
resistance, strong 1
a: Blink, Divine Energy, Channel Magic, Forget Spell, Renounce Religion, Evoke
Flight


You were on level 3 of the Snake Pit.
You worshipped Sif Muna.
Sif Muna was extremely pleased with you.
You were hungry.

You visited 5 branches of the dungeon, and saw 27 of its levels.
You visited 1 bazaar.
You also visited: Labyrinth, Sewer and Ice Cave.

You collected 2849 gold pieces.
You spent 1015 gold pieces at shops.

Inventory:

Hand Weapons
 U - the +6 scimitar "Tamask" (weapon) {flame, MR+}
   (You found it on level 9 of the Dungeon)

   It has been specially enchanted to burn those struck by it, causing extra
   injury to most foes and up to half again as much damage against particularly
   susceptible opponents.
   Big, fiery blades are also staple armaments of hydra-hunters.
   It affects your resistance to hostile enchantments.
Armour
 e - the +4 pair of gloves "Malaz" (worn) {rElec rCorr Str+4}
   (You bought it in a shop on level 2 of the Orcish Mines)

   It affects your strength (+4).
   It insulates you from electricity.
   It protects you from acid and corrosion.
 g - a +2 pair of boots of flying (worn)
 j - a +2 shield (worn)
 w - the +1 ring mail "Putudgha" (worn) {MR++ Int+6 Dex-2}
   (You found it on level 6 of the Dungeon)

   It affects your intelligence (+6).
   It affects your dexterity (-2).
   It affects your resistance to hostile enchantments.
 P - a +2 hat (worn)
 W - a +0 cloak of cold resistance (worn)
Jewellery
 f - the amulet "Kediqoq" (around neck) {Gourm rPois MR- Str+4 Int+6}
   (You took it off a minotaur in a labyrinth)

   [amulet of the gourmand]

   It allows you to eat raw meat even when not hungry.
   It affects your strength (+4).
   It affects your intelligence (+6).
   It protects you from poison.
   It affects your resistance to hostile enchantments.
 o - an uncursed ring of see invisible
 F - a ring of wizardry (right hand)
 M - an uncursed ring of protection from cold
 X - the ring "Xiaskik" (left hand) {Str+2 Stlth+}
   (You found it on level 15 of the Dungeon)

   [ring of stealth]

   It affects your strength (+2).
   It makes you more stealthy.
Wands
 c - a wand of iceblast (6/15)
 l - a wand of iceblast (6/15)
 v - a wand of digging (24/24)
 x - a wand of disintegration (12/24)
 y - a wand of confusion (22/48)
 C - a wand of iceblast (15/15)
 O - a wand of enslavement (18/24)
 Q - a wand of polymorph (10/24)
 T - a wand of random effects (28/48)
Scrolls
 a - a scroll of fog
 d - 14 scrolls of remove curse
 h - 8 scrolls of identify
 k - 2 scrolls of silence
 q - 3 scrolls of magic mapping
 s - a scroll of enchant armour
 u - a scroll of blinking
 G - a scroll of summoning
 H - 3 scrolls of fear
 N - a scroll of recharging
 Y - a scroll of teleportation
Potions
 n - 3 potions of might
 p - 3 potions of magic
 t - 2 potions of lignification
 z - 5 potions of agility
 A - 5 potions of resistance
 B - 2 potions of curing
 D - 7 potions of brilliance
 E - a potion of cure mutation
 I - 2 potions of invisibility
 L - a potion of cancellation
Books
 J - Sif Muna's Reference Book on Stolen Souls
   (Sif Muna gifted it to you on level 1 of the Snake Pit)

   Spells                             Type                      Level
   a - Regeneration                   Charms/Necromancy            3
   b - Animate Dead                   Necromancy                   4
   c - Excruciating Wounds            Charms/Necromancy            5
   d - Bolt of Draining               Conjuration/Necromancy       5
   e - Infestation                    Necromancy                   8
Comestibles
 b - 10 royal jellies
 i - a meat ration
 r - 19 fruits
 K - a bread ration


   Skills:
 + Level 6.8 Fighting
 + Level 11.4 Long Blades
 + Level 8.0 Armour
 + Level 8.0 Dodging
 + Level 5.0 Stealth
 + Level 0.8 Shields
 + Level 16.8 Spellcasting
 + Level 15.1 Conjurations
 + Level 1.4 Charms
 + Level 1.3 Summonings
 + Level 4.7 Fire Magic
 + Level 16.3 Air Magic


You had 13 spell levels left.
You knew the following spells:

 Your Spells              Type           Power        Failure   Level  Hunger
a - Shock                 Conj/Air       ####         1%          1    None
b - Swiftness             Chrm/Air       #######.     1%          2    None
c - Repel Missiles        Chrm/Air       ######       1%          2    None
d - Lightning Bolt        Conj/Air       #######...   1%          5    None
e - Conjure Flame         Conj/Fire      #######.     1%          3    None
f - Sticky Flame          Conj/Fire      #######.     1%          4    None
g - Fireball              Conj/Fire      #######...   2%          5    None
h - Summon Lightning Spi  Summ/Air       #######.     1%          4    None
i - Infusion              Chrm           ####         3%          1    None
j - Delayed Fireball      Conj/Fire      N/A          75%         7    ###....
k - Conjure Ball Lightni  Conj/Air       #######...   1%          6    None


Dungeon Overview and Level Annotations

Branches:
Dungeon (15/15)            Temple (1/1) D:7            Lair (6/6) D:11
 Shoals (0/4) Lair:2        Snake (3/4) Lair:2        Slime (0/5) Lair:6
    Orc (2/2) D:12            Elf (0/3) Orc:2        Vaults (0/5) D:13
 Depths (0/5) D:15

Altars:
Ashenzari
Cheibriados
Dithmenos
Elyvilon
Fedhas
Gozag
Hepliaklqana
Kikubaaqudgha
Makhleb
Nemelex Xobeh
Okawaru
Qazlal
Ru
Sif Muna
Trog
Uskayaw
Vehumet
Xom
Yredelemnul
Zin
The Shining One
Beogh

Shops:
D:8 [   D:10 [   Orc:2 *[(=

Portals:
Trove: D:11 (give 4 potions of cure mutation)

Annotations:
D:2 Natasha
Snake:3 EvilAshe's ghost, adept TeFE


Innate Abilities, Weirdness & Mutations

You have a pair of small horns on your head.
You can translocate small distances at will.
Scrolls take you a little longer to read.
You possess an exceptional clarity of mind.
You are resistant to hostile enchantments. (MR+)
You are resistant to electric shocks. (rElec)
Your muscles are strong. (Str +2)


Message History

You are covered in liquid flames!
* * * LOW HITPOINT WARNING * * *
EvilAshe's ghost hits you but does no damage.
You feel better.
You feel less woody.
Your +0 cloak of cold resistance unmelds from your body.
Your +2 hat unmelds from your body.
The +4 pair of gloves "Malaz" {rElec rCorr Str+4} unmelds from your body.
Your +2 pair of boots of flying unmelds from your body.
The +1 ring mail "Putudgha" {MR++ Int+6 Dex-2} unmelds from your body.
You feel resistant to cold. EvilAshe's ghost barely misses you.
You feel yourself speed up.
EvilAshe's ghost points at you and mumbles some strange words.
You block the flame tongue.
You are very lightly contaminated with residual magic.
EvilAshe's ghost conjures an orb of pure magic.
An orb of destruction comes into view.
The orb of destruction hits you!
Ouch! That really hurt!
You die...

##.....# ..##
##..##......# .....
#...........#
....##.=.........#
#..#............#
#...............#
#..........^...#
##..............#
##...§§@.........#
#....§...........# .
##...§..#.........# ..)
###)..§..##.........#
#...#....W.####.........#
.......†..## #.........#
......)...# #.........#
##..)...(.# #.........#
#........# #.........#


You could see EvilAshe's ghost.

Vanquished Creatures
  Saint Roka (Orc:2)
  Frances (D:12)
  An orc warlord (Orc:2)
  The ghost of McKennaii the Zephyrmancer, a journeyman HEAE of Sif Muna (D:15)
  2 ettins (Orc:1)
  A minotaur (Lab)
  A yaktaur captain (D:13)
  3 naga warriors (Snake:1)
  Harold (Lair:1)
  3 hydras
  An ice dragon (Lair:6)
  11 anacondas
  A death knight (D:14)
  3 centaur warriors
  3 ogre magi (D:15)
  The ghost of Schimscham the Covert, a journeyman OpIE of Ashenzari (D:11)
  A tengu warrior (D:15)
  A naga sharpshooter (Snake:1)
  Urug (D:13)
  An orc high priest (Orc:2)
  Nergalle (Orc:2)
  3 shock serpents
  Sonja (D:12)
  A salamander mystic (Snake:3)
  A skeletal warrior (D:14)
  3 unseen horrors
  A phantasmal warrior (D:14)
  2 lindwurms (Lair:6)
  Pikel (D:7)
  2 mana vipers
  2 naga ritualists
  A wolf spider zombie (D:14)
  5 orc knights
  A necromancer (IceCv)
  2 manticores
  7 hill giants
  13 ugly things
  4 oklob plants (Lair:2)
  5 orc sorcerers (Orc:2)
  4 deep elf magi
  3 salamanders
  4 cyclopes
  Maurice (D:10)
  8 elephants
  9 spiny frogs
  An ice statue (IceCv)
  7 naga magi
  20 black mambas
  5 torpor snails (Lair:6)
  3 centaur skeletons
  2 rime drakes (Lair:6)
  4 gargoyles
  2 efreet
  2 yaktaurs (D:13)
  12 komodo dragons
  3 kobold demonologists
  12 freezing wraiths
  A troll (shapeshifter) (D:14)
  A wind drake (shapeshifter) (D:14)
  8 polar bears (Lair:6)
  9 hornets
  6 meliai (D:15)
  3 tyrant leeches
  8 trolls
  4 raiju (Lair:6)
  7 two-headed ogres
  16 blink frogs
  5 hippogriffs
  Prince Ribbit (D:7)
  12 slime creatures
  A shadow (D:11)
  36 yaks
  Eustachio (D:6)
  3 redbacks (Lab)
  2 wraiths
  A water elemental (D:15)
  3 basilisks
  3 wyverns
  5 hungry ghosts
  4 vampire mosquitoes
  A steam dragon (D:10)
  2 mottled dragons
  8 wargs
  19 nagas
  6 hell hounds (Lair:6)
  21 water moccasins
  18 porcupines
  17 ice beasts
  An eye of draining (D:12)
  4 sky beasts
  2 slaves (D:7)
  16 black bears
  38 orc warriors
  6 phantoms
  An alligator simulacrum (IceCv)
  2 necrophages
  30 ogres
  16 wolves
  A tengu (shapeshifter) (D:13)
  6 centaurs
  7 big kobolds
  10 crocodiles
  Blork the orc (Orc:2)
  15 bullfrogs
  A wyvern zombie (D:6)
  3 wyvern skeletons
  6 scorpions
  2 elephant simulacra (IceCv)
  15 killer bees
  4 electric eels (D:11)
  6 howler monkeys
  3 bullfrog zombies
  4 centaur zombies
  7 draconian simulacra (IceCv)
  23 hounds
  A quasit (D:12)
  Crazy Yiuf (D:6)
  4 crimson imps
  3 jellies
  20 orc wizards
  3 bullfrog skeletons
  4 gnoll shamans (D:7)
  21 orc priests
  4 iguanas
  Ijyb (D:2)
  9 worker ants
  Natasha (D:2)
  3 spriggan simulacra (IceCv)
  5 troll simulacra (IceCv)
  A polar bear simulacrum (IceCv)
  4 centaur simulacra (IceCv)
  A hound zombie (D:10)
  Robin (D:2)
  8 gnolls (D:7)
  A naga simulacrum (IceCv)
  19 adders
  7 river rats (Sewer)
  9 shadow imps
  12 white imps (IceCv)
  4 oozes
  An adder zombie (D:7)
  2 worms (D:2)
  11 dart slugs (D:5)
  6 leopard geckos
  94 orcs
  4 ball pythons (Sewer)
  2 bats
  9 giant cockroaches
  10 goblins
  10 hobgoblins
  7 jackals
  44 kobolds
  8 quokkas
  7 frilled lizards
  23 rats
  3 fungi
  7 plants
1054 creatures vanquished.

Vanquished Creatures (collateral kills)
  A salamander mystic (Snake:2)
  A naga ritualist (Snake:1)
  2 salamanders
4 creatures vanquished.

Vanquished Creatures (others)
  A wizard (D:5)
  A hungry ghost (D:7)
  2 slaves (D:7)
  A big kobold (D:10)
  An orc priest (D:7)
  A jelly (D:15)
  A bush (Lair:1)
  16 fungi
  28 plants
52 creatures vanquished.

Grand Total: 1110 creatures vanquished

Notes
Turn   | Place    | Note
-------+----------+-------------------------------------------
     0 | D:1      | McKennaii the High Elf Air Elementalist began the quest for the Orb.
     0 | D:1      | Reached XP level 1. HP: 11/11 MP: 4/4
   376 | D:1      | Reached XP level 2. HP: 17/17 MP: 4/6
   505 | D:1      | Learned a level 2 spell: Swiftness
   508 | D:1      | Learned a level 2 spell: Repel Missiles
   768 | D:2      | Noticed Robin
   869 | D:2      | Reached XP level 3. HP: 11/21 MP: 5/8
  1038 | D:2      | Killed Robin
  1122 | D:2      | Gained mutation: You are resistant to hostile enchantments. (MR+) [potion of mutation]
  1122 | D:2      | Gained mutation: You are frail. (-10% HP) [potion of mutation]
  1122 | D:2      | Gained mutation: You are resistant to electric shocks. (rElec) [potion of mutation]
  1246 | D:2      | Noticed Ijyb
  1268 | D:2      | Killed Ijyb
  1268 | D:2      | Reached XP level 4. HP: 24/24 MP: 0/10
  1361 | D:2      | Found a shimmering altar of Xom.
  1722 | D:2      | Found a faded altar of an unknown god.
  1722 | D:2      | Found a faded altar of an unknown god.
  1727 | D:2      | Found a glowing golden altar of the Shining One.
  1729 | D:2      | Found a faded altar of an unknown god.
  1729 | D:2      | Noticed Natasha
  1737 | D:2      | Killed Natasha
  1766 | D:2      | Found a faded altar of an unknown god.
  1826 | D:2      | Noticed Natasha
  1876 | D:3      | Reached XP level 5. HP: 27/27 MP: 7/11
  2051 | D:3      | Reached skill level 5 in Air Magic
  2611 | D:3      | Found a snail-covered altar of Cheibriados.
  2611 | D:3      | Found a stormy altar of Qazlal.
  3085 | D:4      | Reached XP level 6. HP: 27/32 MP: 9/12
  3335 | D:5      | Entered Level 5 of the Dungeon
  3364 | D:5      | Learned a level 5 spell: Lightning Bolt
  3543 | D:5      | Noticed a sky beast
  3566 | D:5      | Found an opulent altar of Gozag.
  3746 | D:5      | Reached XP level 7. HP: 9/37 MP: 4/15
  3955 | D:5      | Reached skill level 5 in Spellcasting
  4095 | D:5      | Reached skill level 1 in Fighting
  4116 | D:5      | Gained mutation: Scrolls take you a little longer to read. [potion of mutation]
  4116 | D:5      | Gained mutation: You evolve. [potion of mutation]
  4186 | D:5      | Gained mutation: Your muscles are strong. (Str +2) [potion of mutation]
  4319 | D:5      | Found a bloodstained altar of Trog.
  4320 | D:5      | Noticed a wizard
  4325 | D:5      | Killed a wizard
  4468 | D:6      | Found a sparkling altar of Nemelex Xobeh.
  4607 | D:6      | Reached XP level 8. HP: 25/43 MP: 9/17
  4775 | D:6      | Found a glowing drain.
  4783 | Sewer    | Entered a sewer
  4801 | Sewer    | Reached skill level 5 in Conjurations
  5049 | Sewer    | Reached skill level 1 in Long Blades
  5411 | D:6      | Got a citrine-encrusted ring mail
  5422 | D:6      | Identified the +1 ring mail "Putudgha" {MR++ Int+6 Dex-2} (You found it on level 6 of the Dungeon)
  5442 | D:6      | Noticed Eustachio
  5462 | D:6      | Killed Eustachio
  5700 | D:6      | Found a runed door.
  5907 | D:6      | Noticed Crazy Yiuf
  5910 | D:6      | Killed Crazy Yiuf
  6102 | D:7      | Noticed Prince Ribbit
  6106 | D:7      | Noticed Pikel
  6200 | D:7      | Killed Pikel
  6200 | D:7      | Reached skill level 1 in Armour
  6200 | D:7      | Reached XP level 9. HP: 39/47 MP: 9/21
  6317 | D:7      | Found a burning altar of Makhleb.
  6447 | D:7      | Lost mutation: You are frail. (-10% HP) [evolution]
  6522 | D:7      | Found a staircase to the Ecumenical Temple.
  6540 | Temple   | Entered the Ecumenical Temple
  6557 | Temple   | Became a worshipper of Sif Muna the Loreminder
  6714 | D:7      | Killed Prince Ribbit
  7037 | D:7      | Reached skill level 5 in Dodging
  7184 | D:7      | Reached * piety under Sif Muna
  7214 | D:7      | Reached XP level 10. HP: 53/60 MP: 11/24
  7598 | D:7      | Gained mutation: You possess an exceptional clarity of mind. [evolution]
  7891 | D:7      | Noticed a balrug
  7894 | D:7      | Noticed a smoke demon
  7894 | D:7      | Noticed an orange demon
  8146 | D:8      | Found Yrchoix's Armour Boutique.
  8311 | D:8      | Reached skill level 10 in Air Magic
  8403 | D:8      | Got a coiled amber ring
  8405 | D:8      | Identified the cursed ring of Qopiddud {rPois rC+ Str+3 Int-3} (You found it on level 8 of the Dungeon)
  8516 | D:9      | Reached ** piety under Sif Muna
  8596 | D:9      | Found a shattered altar of Ashenzari.
  8746 | D:9      | Got a polished scimitar
  8747 | D:9      | Identified the +6 scimitar "Tamask" {flame, MR+} (You found it on level 9 of the Dungeon)
  9519 | D:10     | Entered Level 10 of the Dungeon
  9559 | D:10     | Reached skill level 10 in Spellcasting
  9814 | D:10     | Reached XP level 11. HP: 54/64 MP: 9/26
  9926 | D:10     | Reached *** piety under Sif Muna
 10120 | D:10     | Found Giwopp's Armour Emporium.
 10178 | D:10     | Noticed a hill giant
 10202 | D:10     | Killed a hill giant
 10456 | D:10     | Noticed Maurice
 10614 | D:10     | Noticed a hill giant
 10621 | D:10     | Killed a hill giant
 10855 | D:10     | Killed Maurice
 11425 | D:11     | Found a portal to a secret trove of treasure.
 11540 | D:11     | Found a deep blue altar of Sif Muna.
 11574 | D:11     | Reached skill level 10 in Conjurations
 11581 | D:11     | Reached **** piety under Sif Muna
 12060 | D:11     | Noticed Schimscham's ghost (journeyman OpIE)
 12142 | D:11     | Killed an unseen horror
 12334 | D:11     | Reached skill level 5 in Armour
 12397 | D:10     | Gained mutation: You have a pair of small horns on your head. [evolution]
 12397 | D:10     | Lost mutation: You evolve. [end of evolution]
 12419 | D:11     | Reached skill level 5 in Long Blades
 12505 | D:11     | Reached XP level 12. HP: 72/72 MP: 6/28
 12758 | D:11     | Killed Schimscham's ghost
 12850 | D:11     | Learned a level 3 spell: Conjure Flame
 12855 | D:11     | Learned a level 4 spell: Sticky Flame
 12861 | D:11     | Learned a level 5 spell: Fireball
 12872 | D:11     | Found a staircase to the Lair.
 12902 | D:11     | Reached ***** piety under Sif Muna
 13227 | D:11     | Identified a scroll of acquirement
 13572 | D:12     | Found a labyrinth entrance.
 13586 | Lab      | Entered a labyrinth
 14044 | Lab      | Identified Sif Muna's Further Steps in Theurgy (Sif Muna gifted it to you in a labyrinth)
 14044 | Lab      | Received a gift from Sif Muna
 14044 | Lab      | Reached skill level 1 in Charms
 14052 | Lab      | Learned a level 4 spell: Summon Lightning Spire
 14440 | Lab      | Noticed a minotaur
 14450 | Lab      | Killed a minotaur
 14453 | Lab      | Got a transparent ruby amulet
 14471 | D:12     | Identified the amulet "Kediqoq" {Gourm rPois MR- Str+4 Int+6} (You took it off a minotaur in a labyrinth)
 14794 | D:12     | Noticed a centaur warrior
 14834 | D:12     | Killed a centaur warrior
 15260 | D:12     | Noticed Sonja
 15261 | D:12     | Killed Sonja
 15609 | D:12     | Noticed Frances
 15690 | D:12     | Found a roughly hewn altar of Beogh.
 15704 | D:12     | HP: 2/72 [cyan ugly thing (4)]
 15985 | D:12     | Found a staircase to the Orcish Mines.
 16790 | Lair:1   | Entered Level 1 of the Lair of Beasts
 17028 | Lair:1   | Reached XP level 13. HP: 79/79 MP: 3/30
 17493 | Lair:1   | Reached skill level 1 in Fire Magic
 17501 | Lair:1   | Identified Pusesof's Incunabulum of Igneous Benedictions (Sif Muna gifted it to you on level 1 of the Lair of Beasts)
 17501 | Lair:1   | Received a gift from Sif Muna
 17795 | Lair:1   | Noticed Harold
 18001 | Lair:1   | Killed Harold
 18479 | Lair:2   | Found a staircase to the Shoals.
 18860 | Lair:2   | Found a staircase to the Snake Pit.
 19157 | Lair:2   | Learned a level 1 spell: Infusion
 19165 | Lair:2   | Learned a level 7 spell: Delayed Fireball
 19324 | Lair:2   | Got a smelly scale mail
 19357 | Lair:2   | Identified the +4 scale mail of Nemelex Xobeh's Scorn {Int+2} (You found it on level 2 of the Lair of Beasts)
 22491 | Lair:5   | Gained mutation: You can translocate small distances at will. [potion of beneficial mutation]
 22654 | Lair:5   | Reached XP level 14. HP: 85/85 MP: 24/32
 23045 | Lair:6   | Entered Level 6 of the Lair of Beasts
 23335 | Lair:6   | Found a frozen archway.
 23351 | IceCv    | Entered an ice cave
 23883 | IceCv    | Found an ancient bone altar of Kikubaaqudgha.
 24200 | IceCv    | Identified Sif Muna's Reference Book on Conjuration (Sif Muna gifted it to you in an ice cave)
 24200 | IceCv    | Received a gift from Sif Muna
 24209 | IceCv    | Learned a level 6 spell: Conjure Ball Lightning
 25143 | Lair:6   | Found a staircase to the Slime Pits.
 25905 | Lair:6   | Found a runed door.
 27132 | Lair:6   | Reached skill level 5 in Fighting
 27272 | Lair:6   | Got a scorched garnet amulet
 28530 | D:11     | Identified the amulet "Ragaepp" {Regen+ SInv} (You found it on level 6 of the Lair of Beasts)
 28661 | D:12     | Killed Frances
 28661 | D:12     | Reached XP level 15. HP: 58/92 MP: 9/34
 28876 | D:13     | Reached skill level 15 in Spellcasting
 28881 | D:13     | Identified Sif Muna's Collected Works on the Excruciating Blaze (Sif Muna gifted it to you on level 13 of the Dungeon)
 28881 | D:13     | Received a gift from Sif Muna
 28904 | D:13     | Noticed Urug
 29110 | D:13     | Killed Urug
 29290 | D:13     | Found a gate to the Vaults.
 30329 | D:14     | Reached skill level 15 in Air Magic
 30382 | D:14     | Found a flickering gateway to a bazaar.
 30432 | D:14     | Reached skill level 10 in Long Blades
 30619 | Bazaar   | Entered a bazaar
 30619 | Bazaar   | Found Wijisiuf's Magic Scroll Shoppe.
 30619 | Bazaar   | Found Kuntanagoh's Weapon Shoppe.
 30619 | Bazaar   | Found Atihoski's Antique Weapon Emporium.
 30641 | Bazaar   | Bought a scroll of summoning for 104 gold pieces
 30641 | Bazaar   | Bought a scroll of fear for 38 gold pieces
 30641 | Bazaar   | Bought a scroll of teleportation for 33 gold pieces
 32164 | D:15     | Entered Level 15 of the Dungeon
 32186 | D:15     | Noticed McKennaii's ghost (journeyman HEAE)
 33625 | D:15     | Killed McKennaii's ghost
 33771 | D:15     | Found a staircase to the Depths.
 34017 | D:15     | Got a transparent turquoise ring
 34210 | Orc:1    | Entered Level 1 of the Orcish Mines
 34502 | Orc:1    | Identified Sif Muna's Almanac of Combat Magic (Sif Muna gifted it to you on level 1 of the Orcish Mines)
 34502 | Orc:1    | Received a gift from Sif Muna
 34505 | Orc:1    | Identified the ring "Xiaskik" {Str+2 Stlth+} (You found it on level 15 of the Dungeon)
 35245 | Orc:2    | Entered Level 2 of the Orcish Mines
 35541 | Orc:2    | Noticed Saint Roka
 35866 | Orc:2    | Found a staircase to the Elven Halls.
 36032 | Orc:2    | Killed Saint Roka
 36032 | Orc:2    | Reached XP level 16. HP: 78/101 MP: 3/37
 36238 | Orc:2    | Noticed Blork the orc
 36495 | Orc:2    | Killed Blork the orc
 36950 | Orc:2    | Noticed Nergalle
 36963 | Orc:2    | Killed Nergalle
 37403 | Orc:2    | Found a roughly hewn altar of Beogh.
 37510 | Orc:2    | Found Lygy's Antique Armour Boutique.
 37627 | Orc:2    | Found Acifes's General Store.
 37640 | Orc:2    | Found Quozid's Antique Weapon Boutique.
 37651 | Orc:2    | Found Jam Fuz's Jewellery Boutique.
 37926 | Orc:2    | Bought the +4 pair of gloves "Malaz" {rElec rCorr Str+4} for 525 gold pieces
 37948 | Orc:2    | Bought a pair of runed boots for 315 gold pieces
 38209 | Snake:1  | Entered Level 1 of the Snake Pit
 39571 | Snake:1  | Reached skill level 5 in Stealth
 39715 | Snake:1  | Identified Sif Muna's Reference Book on Stolen Souls (Sif Muna gifted it to you on level 1 of the Snake Pit)
 39715 | Snake:1  | Received a gift from Sif Muna
 39754 | Snake:1  | Reached skill level 1 in Summonings
 41134 | Snake:2  | Reached skill level 15 in Conjurations
 42033 | Snake:3  | Noticed EvilAshe's ghost (adept TeFE)
 42070 | Snake:3  | HP: 7/151 [disintegration (42)]
 42084 | Snake:3  | Blown up by EvilAshe's ghost

Skill      XL: |  1  2  3  4  5  6  7  8  9 10 11 12 13 14 15 16 |
---------------+-------------------------------------------------+-----
Air Magic      | 4 5 6 7 8 9 10 11 12 14 15 16 | 16.3
Spellcasting   | 3 4 5 7 9 10 11 12 13 14 16 | 16.8
Conjurations   | 2 3 4 6 7 9 10 11 12 13 14 15 | 15.1
Stealth        | 3 4 5 |  5.0
Dodging        | 3 4 5 6 7 8 |  8.0
Fighting       | 1 2 3 4 5 6 |  6.8
Long Blades    | 1 3 5 6 7 9 11 | 11.4
Armour         | 1 2 4 5 6 7 8 |  8.0
Charms         | 1 |  1.4
Fire Magic     | 1 3 4 |  4.7
Summonings     | 1 |  1.3
Shields        | |  0.8

Action                   |  1- 3 |  4- 6 |  7- 9 | 10-12 | 13-15 | 16-18 || total
-------------------------+-------+-------+-------+-------+-------+-------++-------
Melee: Unarmed           |     5 |       |       |       |       |       ||     5
       Falchion          |       |       |    56 |    16 |       |       ||    72
       Long sword        |       |       |       |     5 |       |       ||     5
       Scimitar          |       |       |       |   124 |   477 |   192 ||   793
       Headbutt          |       |       |       |    13 |   109 |    34 ||   156
 Cast: Shock             |    80 |   152 |   275 |   611 |   424 |    65 ||  1607
       Repel Missiles    |     1 |     1 |     1 |     3 |     2 |     1 ||     9
       Swiftness         |       |       |     1 |     3 |     3 |       ||     7
       Lightning Bolt    |       |       |     8 |   104 |   377 |   123 ||   612
       Fireball          |       |       |       |     9 |    94 |    38 ||   141
       Summon Lightning  |       |       |       |     3 |       |     8 ||    11
       Sticky Flame      |       |       |       |     2 |     1 |     2 ||     5
       Delayed Fireball  |       |       |       |       |    11 |     7 ||    18
       Conjure Ball Ligh |       |       |       |       |     1 |       ||     1
       Infusion          |       |       |       |       |     2 |       ||     2
 Abil: Blink             |       |       |       |       |     1 |       ||     1
       Release Delayed F |       |       |       |       |    11 |     7 ||    18
       Stop Flying       |       |       |       |       |       |     1 ||     1
  Use: Potion            |     4 |       |     2 |     5 |     5 |    16 ||    32
       Scroll            |       |     1 |     1 |    24 |    12 |     3 ||    41
 Stab: Sleeping          |       |       |       |       |     1 |       ||     1
  Eat: Meat ration       |       |     2 |       |     1 |     4 |       ||     7
       Beef jerky        |       |     1 |     4 |     4 |     2 |     1 ||    12
       Royal jelly       |       |       |     1 |     1 |     2 |       ||     4
       Chunk             |       |       |     1 |       |       |       ||     1
       Pizza             |       |       |     3 |     1 |     4 |       ||     8
       Bread ration      |       |       |     1 |     5 |     6 |     4 ||    16
       Fruit             |       |       |     1 |     2 |       |       ||     3
Armor: Robe              |    16 |     5 |    15 |       |       |       ||    36
       Ring mail         |       |       |    36 |   179 |   230 |    75 ||   520
       Skin              |       |       |       |       |       |    40 ||    40
Dodge: Dodged            |    26 |    25 |   159 |   326 |   490 |   137 ||  1163
       Deflected         |       |     3 |     7 |    23 |    14 |    11 ||    58
Block: Other             |       |       |       |     7 |       |       ||     7
       Shield            |       |       |       |       |       |    55 ||    55
       Rpst.: Falchion   |       |       |    40 |     5 |       |       ||    45
       Long sword        |       |       |       |     8 |       |       ||     8
       Scimitar          |       |       |       |    67 |   126 |    25 ||   218
